 Dungeon Crawl Stone Soup version 0.28.0 (webtiles) character file.

Game seed: 897915198678461368

1 Peach228 the Magician (level 1, -1/15 HPs)
             Began as a Djinni Air Elementalist on Feb 15, 2022.
             Slain by a hobgoblin (2 damage)
             ... on level 1 of the Dungeon.
             The game lasted 00:03:02 (47 turns).

Peach228 the Magician (Djinni Air Elementalist)       Turns: 47, Time: 00:03:02

Health: -1/15      AC:  2    Str:  7    XL:     1   Next: 22%
Gold:   0          EV: 12    Int: 16    God:
                   SH:  0    Dex: 13

rFire   + + .      SeeInvis .   (no weapon)
rCold   x . .      Faith    .   (no shield)
rNeg    . . .      Spirit   .   a - +0 robe
rPois   ∞          Reflect  .   (no helmet)
rElec   .          Harm     .   (no cloak)
rCorr   .          Rampage  .   (no gloves)
Will    .....                   (boots unavailable)
Stlth   ++........              (no amulet)
HPRegen 0.05/turn               (no ring)
MPRegen 0.00/turn               (no ring)

@: flying
A: sickness immunity, fire resistance 2, cold vulnerability 1, float, innate
caster, HP casting, extra vitality 1
a: no special abilities


You were on level 1 of the Dungeon.
You visited 1 branch of the dungeon, and saw 1 of its levels.

Inventory:

Armour
 a - a +0 robe (worn)
Scrolls
 b - a scroll of noise {unknown}


   Skills:
 - Level 2.1 Dodging
 + Level 1.5 Stealth
 * Level 2.4 Spellcasting


You couldn't memorise any spells.
You knew the following spells:

 Your Spells              Type           Power      Damage    Failure   Level
a - Shock                 Conj/Air       36%        1d5       7%          1
b - Static Discharge      Conj/Air       9%         N/A       11%         2
c - Swiftness             Air            9%         N/A       22%         3
d - Airstrike             Air            4%         N/A       56%         4
Your spell library was empty.

Dungeon Overview and Level Annotations

Branches:
Dungeon (1/15)

Altars:


Innate Abilities, Weirdness & Mutations

You are immune to sickness and miasma.
You are immune to poison.
Your flesh is very heat resistant. (rF++)
You are vulnerable to cold. (rC-)
You float through the air rather than walking.
You learn spells naturally, not from books.
Your magical power is your life essence.
You have superior vitality. (+4 MHP)


Message History

The zap misses the hobgoblin.
The zap hits the hobgoblin.
The hobgoblin is heavily wounded.
The hobgoblin barely misses you.
You miscast Shock.
Nothing appears to happen.
The hobgoblin closely misses you.
You miscast Shock.
Nothing appears to happen.
The hobgoblin closely misses you.
The zap hits the hobgoblin but does no damage.
The hobgoblin is heavily wounded.
The hobgoblin barely misses you.
The zap misses the hobgoblin.
The hobgoblin hits you.
* * * LOW HITPOINT WARNING * * *
You are too injured to fight recklessly!
You are too injured to fight recklessly!
You are too injured to fight recklessly!
Aiming: Shock (safe; 7% risk of failure)
Press: ? - help, Q - select action, (/) - cycle Shift-Dir - straight line, f/p - hobgoblin
Aim: a hobgoblin (heavily wounded, 68% to hit)
The zap hits the hobgoblin.
The hobgoblin is severely wounded.
* * * LOW HITPOINT WARNING * * *
The hobgoblin hits you.
* * * LOW HITPOINT WARNING * * *
You don't have enough health to cast this spell.
You don't have enough health to cast this spell.
Found a murky purple potion.
You don't have enough health to cast this spell.
You don't have enough health to cast this spell.
Your magical contamination has completely faded away.
An endoplasm comes into view.
The endoplasm quivers.
Aiming: Shock (safe; 7% risk of failure)
Press: ? - help, Q - select action, (/) - cycle Shift-Dir - straight line, f - endoplasm, p - hobgoblin
Aim: an endoplasm (97% to hit)
The zap hits the hobgoblin.
The hobgoblin is almost dead.
The zap hits the endoplasm.
The endoplasm is severely wounded.
* * * LOW HITPOINT WARNING * * *
The hobgoblin hits you.
You die...

#......# #......#
#.....># .. #......#
####. #......# ....
#......+
#..##########......#
#.............#
#####........@....#
.........##'##g...#
###....##...##...#
#....#..<..#.J.###..
#....##...##........
#.....##+##.....####
#...............#
#....!..........#
#################


You could see an endoplasm and a hobgoblin.

Vanquished Creatures
  A ball python (D:1)
1 creature vanquished.

Notes
Turn   | Place    | Note
-------+----------+-------------------------------------------
     0 | D:1      | Peach228 the Djinni Air Elementalist began the quest for
                  | the Orb.
     0 | D:1      | Reached XP level 1. HP: 15/15 MP: 0/0
    47 | D:1      | Slain by a hobgoblin

Illustrated notes

Levels and vault maps discovered:
D:1:      dpeg_arrival_shelter, layout_basic

Action                   || total
-------------------------++-------
Melee: Unarmed           ||     1
 Cast: Shock             ||     8
Dodge: Dodged            ||     6
